 Dungeon Crawl Stone Soup version 0.18-a0-1303-g41c131c (webtiles) character file.

75 realDonaldTrump the Digger (level 4, 22/33 HPs)
             Began as a Demonspawn Earth Elementalist on Feb 12, 2016.
             Quit the game on level 3 of the Dungeon.
             The game lasted 00:05:58 (1894 turns).

realDonaldTrump the Digger (DsEE)                   Turns: 1894, Time: 00:05:58

Health: 22/33      AC:  8    Str:  9    XL:     4   Next: 11%
Magic:  1/7        EV: 12    Int: 17    God:
Gold:   115        SH:  0    Dex: 13    Spells: 2 memorised, 3 levels left

rFire  . . .     SeeInvis .     a - +2 dagger (protect)
rCold  . . .     Gourm    .     o - +0 robe
rNeg   + . .     Faith    .     (no shield)
rPois  .         Spirit   .     (no helmet)
rElec  .         Dismiss  .     k - +0 cloak
rCorr  .         Reflect  .     (no gloves)
SustAt .         Harm     .     (no boots)
MR     .....                    (no amulet)
Stlth  ++........               (no ring)
                                u - ring of positive energy

@: not resistant to hostile enchantments, unstealthy
A: hooves 2
a: no special abilities


You were on level 3 of the Dungeon.
You were hungry.

You visited 1 branch of the dungeon, and saw 3 of its levels.

You collected 115 gold pieces.

Inventory:

Hand Weapons
 a - a +2 dagger of protection (weapon)
Missiles
 b - 38 stones (quivered)
Armour
 k - a +0 cloak (worn)
 o - a +0 robe (worn)
Jewellery
 u - a ring of positive energy (left hand)
Scrolls
 e - a scroll of enchant weapon {unknown}
 j - a scroll of blinking {unknown}
 m - 4 scrolls of identify {unknown}
 p - a scroll of fear {unknown}
 s - a scroll of random uselessness {unknown}
 t - a scroll of teleportation {unknown}
 w - a scroll of remove curse {unknown}
Potions
 l - 3 potions of curing {unknown}
 n - a potion of resistance {unknown}
 q - a potion of heal wounds {unknown}
 r - a potion of flight {unknown}
Books
 c - a book of Geomancy

   Spells                             Type                      Level
   a - Sandblast                      Earth                        1
   b - Passwall                       Transmutation/Earth          2
   c - Stone Arrow                    Conjuration/Earth            3
   d - Petrify                        Transmutation/Earth          4
   e - Lee's Rapid Deconstruction     Earth                        5
Comestibles
 d - 2 bread rations
 f - a slice of pizza
 g - 2 meat rations
 h - 4 fruits
 i - a beef jerky


   Skills:
 + Level 1.7 Fighting
 - Level 2.2 Dodging
 - Level 1.7 Stealth
 + Level 2.3 Spellcasting
 + Level 0.2 Conjurations
   Level 0.8 Transmutations
 * Level 3.6 Earth Magic


You had 3 spell levels left.
You knew the following spells:

 Your Spells              Type           Power        Failure   Level  Hunger
a - Sandblast             Erth           ##....       4%          1    #......
b - Stone Arrow           Conj/Erth      #.....       30%         3    ###....


Dungeon Overview and Level Annotations

Branches:
Dungeon (3/15)

Altars:


Innate Abilities, Weirdness & Mutations

You have hoof-like feet.


Message History

You hit the orc.
You kill the orc!
You hit the orc.
The orc is lightly wounded.
The orc barely misses you.
You hit the orc but do no damage. You kick the orc, but do no damage.
The orc is lightly wounded.
The orc misses you.
You hit the orc.
The orc is severely wounded.
The orc closely misses you.
You closely miss the orc. You kick the orc, but do no damage.
The orc is severely wounded.
The orc misses you.
You hit the orc.
You kill the orc!
You closely miss the orc. Your kick misses the orc. The orc hits you.
You closely miss the orc. Your kick misses the orc.
The orc hits you but does no damage.
Are you sure you want to abandon this character and quit the game? (Confirm with "yes".)

>.o.........
.#.......<.
.o.o..).#.####.#
.#.####.#.....S##
.....<...<.......
......#.#........
......#)#..######
.#.#( #o#..# # #.
#@#..# # #.#..#
#.#..# .....# #..
#..# #..# #..#


You could see an orc.

Vanquished Creatures
  2 adders
  A giant gecko (D:2)
  4 orcs (D:3)
  2 ball pythons (D:2)
  8 bats
  2 giant cockroaches
  8 hobgoblins
  3 giant newts
  9 goblins
  3 kobolds
  6 rats
48 creatures vanquished.

Notes
Turn   | Place    | Note
--------------------------------------------------------------
     0 | D:1      | realDonaldTrump the Demonspawn Earth Elementalist began the quest for the Orb.
     0 | D:1      | Reached XP level 1. HP: 13/13 MP: 3/3
   520 | D:1      | Gained mutation: You have large cloven feet. [demonic ancestry]
   520 | D:1      | Reached XP level 2. HP: 16/19 MP: 0/5
   727 | D:2      | Reached skill level 3 in Earth Magic
   855 | D:2      | Found a faded altar to an unknown god.
  1237 | D:2      | Reached XP level 3. HP: 17/25 MP: 2/6
  1252 | D:2      | Reached skill level 1 in Fighting
  1807 | D:2      | Learned a level 3 spell: Stone Arrow
  1881 | D:3      | Gained mutation: You have hoof-like feet. [demonic ancestry]
  1881 | D:3      | Reached XP level 4. HP: 22/32 MP: 0/7
  1894 | D:3      | Quit the game

Vault maps used:
D:1:      co_arrival_square_in_a_square_in_a_square, minmay_cut_off
D:2:      ecumenical_altar_2, interstate_on_off, minmay_goblin_outpost

Action                   |  1- 3 |  4- 6 || total
-------------------------+-------+-------++-------
Melee: Unarmed           |     9 |       ||     9
       Short sword       |    78 |       ||    78
       Dagger            |     3 |    11 ||    14
 Cast: Sandblast         |    43 |     1 ||    44
 Stab: Sleeping          |     3 |       ||     3
  Eat: Chunk             |     3 |       ||     3
